Map: Winter's Gate LE

Players

NoStormPls

  • Race: Terran Terran
  • League: Gold
  • Spawn Location: 5:00

SplatterDK - Winner!

  • Race: Protoss Protoss
  • League: Diamond
  • Spawn Location: 11:00

VOD

Have the link to the VOD?

Description

Time

  • Played on: Sept. 1, 2019, 1:09 p.m.
  • Length: 11:52
Show
View Real Time Build Order
Export as new Build Order

NoStormPls Terran 

Build Orders: Liberator Opening, Mech 

Get SALT Encoding   

  12  0:00  SCV  
  13  0:13  SCV  
  14  0:18  Supply Depot  
  14  0:25  SCV  
  15  0:40  SCV  
  15  0:41  Barracks  
  16  0:47  Refinery  
  16  0:58  SCV  
  17  1:10  SCV  
  18  1:22  SCV  
  19  1:31  Marine  
  20  1:34  Orbital Command  
  20  1:47  Command Center  
  20  1:51  Marine  
  21  1:57  Refinery  
  21  2:03  SCV  
  22  2:13  Barracks Tech Lab  
  22  2:18  Factory  
  22  2:24  SCV  
  23  2:35  Bunker  
  23  2:43  Supply Depot  
  23  2:59  Marauder, SCV  
  23  3:00  Orbital Command  
  26  3:06  Factory Tech Lab  
  26  3:11  SCV  
  26  3:12  Starport  
  27  3:23  SCV  
  28  3:29  Cyclone  
  28  3:33  SCV  
  31  3:34  Liberator  
  32  3:35  SCV  
  32  3:39  Refinery  
  33  3:45  SCV  
  33  3:47  SCV  
  35  3:54  Factory  
  38  4:00  SCV x2  
  40  4:12  Cyclone, SCV x2  
  45  4:24  SCV  
  45  4:30  Supply Depot  
  46  4:33  SCV  
  46  4:34  Supply Depot  
  46  4:36  SCV  
  48  4:44  Siege Tank  
  48  4:45  SCV  
  52  4:48  SCV  
  52  4:51  Starport Reactor  
  53  4:53  Siege Tank  
  53  4:57  SCV  
  57  5:00  SCV  
  58  5:13  Command Center  
  58  5:33  SCV x2  
  60  5:45  Siege Tank x2, SCV  
  60  5:46  SCV  
  60  5:47  Viking  
  70  5:54  Refinery  
  70  6:02  Command Center  
  70  6:06  Supply Depot  
  70  6:09  Supply Depot  
  70  6:25  Siege Tank x2, Viking, SCV x2  
  80  6:34  Factory  
  80  6:37  SCV x2  
  80  6:39  Orbital Command  
  82  6:49  SCV x2  
  84  6:57  Siege Tank  
  84  7:00  Orbital Command, Armory  
  87  7:01  Engineering Bay  
  87  7:03  SCV x2  
  87  7:04  Armory  
  87  7:06  Siege Tank  
  93  7:15  SCV x2  
  94  7:27  SCV  
  94  7:28  SCV  
  94  7:29  SCV  
  97  7:30  Orbital Command  
  97  7:39  SCV  
  97  7:40  SCV  
  97  7:41  SCV  
  93  7:52  SCV x2  
  93  7:53  SCV  
  96  8:01  SCV  
  96  8:04  SCV  
  96  8:05  Factory Reactor  
  98  8:07  Refinery  
  98  8:08  Factory, Refinery  
  98  8:09  Siege Tank  
  98  8:10  Siege Tank  
  104  8:13  SCV  
  104  8:14  SCV  
  104  8:15  Refinery, SCV  
  104  8:17  Refinery  
  104  8:19  SCV  
  108  8:25  SCV  
  108  8:26  SCV  
  111  8:27  SCV  
  111  8:31  SCV  
  112  8:37  SCV  
  112  8:39  SCV  
  114  8:42  Missile Turret x3  
  114  8:43  Missile Turret  
  114  8:49  SCV  
  114  8:53  SCV  
  114  8:55  Supply Depot  
  116  9:01  Siege Tank, SCV x3  
  122  9:04  Missile Turret  
  122  9:05  Missile Turret  
  122  9:12  Missile Turret  
  122  9:14  Missile Turret  
  122  9:17  Supply Depot  
  122  9:35  Factory Reactor  
  122  9:36  Missile Turret x2, Hellion  
  122  9:37  Hellion  
  122  9:38  Missile Turret  
  126  9:40  Supply Depot, Infernal Pre-Igniter  
  126  9:42  Thor  
  126  9:44  Thor  
  138  9:51  Terran Vehicle And Ship Armor Level 1  
  138  9:57  Hellion  
  140  10:02  Hellion  
  140  10:03  Supply Depot  
  142  10:14  Supply Depot  
  142  10:17  Supply Depot  
  142  10:19  Hellion  
  144  10:23  Hellion  
  144  10:24  Thor  
  144  10:27  Supply Depot, Thor  
  144  10:28  Supply Depot  
  158  10:37  Supply Depot  
  158  10:40  Supply Depot, Hellion  
  160  10:45  Hellion  
  162  10:51  Supply Depot  
  149  11:07  Thor  
  74  11:26  Hellion x4  
Show
View Real Time Build Order
Export as new Build Order

SplatterDK Protoss - Winner!

Build Orders: 1 Gate Expand, Zealot Archon 

Get SALT Encoding   

  12  0:01  Probe  
  13  0:13  Probe  
  14  0:25  Probe  
  14  0:26  Pylon  
  15  0:44  Gateway, Probe  
  16  0:50  Assimilator  
  16  0:56  Probe  
  17  1:08  Probe  
  18  1:20  Probe  
  19  1:27  Nexus  
  19  1:32  Probe  
  20  1:38  Cybernetics Core  
  20  1:44  Probe  
  21  1:50  Assimilator  
  21  1:52  Probe  
  21  2:00  Probe  
  23  2:10  Pylon  
  23  2:19  Robotics Facility  
  23  2:21  Pylon, Adept  
  23  2:22  Warp Gate  
  23  2:28  Probe  
  26  2:40  Probe  
  27  2:52  Probe x2  
  29  3:00  Stalker  
  29  3:04  Probe  
  29  3:05  Observer, Probe  
  34  3:17  Probe x2  
  34  3:19  Observer  
  37  3:29  Probe x2  
  37  3:30  Twilight Council  
  39  3:35  Sentry  
  41  3:41  Probe  
  41  3:42  Probe, Assimilator  
  41  3:45  Assimilator  
  43  3:50  Observer  
  43  3:53  Probe  
  43  3:54  Probe  
  46  4:12  Pylon  
  46  4:14  Nexus  
  46  4:17  Pylon  
  46  4:22  Gateway x2  
  46  4:24  Gateway  
  46  4:27  Probe x2  
  48  4:39  Probe x2  
  48  4:43  Charge  
  50  4:48  Templar Archives  
  50  4:53  Warp Prism  
  50  4:54  Pylon  
  50  5:10  Stalker  
  49  5:17  Pylon  
  48  5:33  Probe x3  
  51  5:38  Psionic Storm  
  51  5:45  High Templar x3, Probe x3  
  51  5:48  Zealot  
  62  6:02  Archon  
  62  6:15  High Templar  
  62  6:17  Probe x3  
  67  6:26  Gateway  
  67  6:27  Gateway  
  67  6:29  Gateway, Probe x3, Assimilator  
  70  6:33  Assimilator  
  70  6:43  High Templar  
  70  6:44  High Templar  
  74  6:47  High Templar  
  74  6:53  High Templar  
  78  6:57  Probe x3  
  81  7:07  Immortal  
  85  7:09  Probe x3  
  88  7:21  Probe  
  89  7:23  Zealot x3  
  89  7:24  Zealot x2  
  89  7:25  Zealot  
  91  7:48  Probe x2  
  91  7:49  Probe  
  94  7:56  Zealot x3  
  100  8:00  Probe  
  100  8:04  Pylon  
  101  8:07  Pylon  
  101  8:09  Pylon  
  101  8:11  Blink  
  101  8:13  Pylon  
  101  8:22  Probe x3  
  101  8:26  Nexus  
  104  8:27  Pylon  
  104  8:29  Pylon  
  104  8:32  Pylon  
  104  8:34  Pylon, Probe x3  
  104  8:37  High Templar x2  
  104  8:38  High Templar x3  
  104  8:39  High Templar x2  
  121  8:45  Gateway, Archon  
  121  8:46  Archon x2  
  121  8:47  Gateway, Archon  
  121  8:50  Gateway  
  121  9:06  Probe x3  
  124  9:10  Immortal, High Templar x2  
  124  9:11  High Templar  
  124  9:12  Zealot x4  
  142  9:18  Probe x3  
  144  9:30  Probe  
  145  9:39  Zealot x2  
  145  9:40  Zealot x2  
  145  9:43  Warp Prism  
  153  9:46  Robotics Bay  
  153  9:47  Probe x4  
  153  9:49  Assimilator  
  161  9:53  Assimilator  
  159  10:00  Forge  
  159  10:01  Forge  
  159  10:05  Stalker x2  
  159  10:06  Stalker x3  
  159  10:07  Stalker x5  
  179  10:50  Pylon  
  179  10:52  Pylon  
  179  10:53  Pylon  
  179  10:54  Pylon  
  162  11:06  Zealot x4  
  162  11:07  Zealot x6  
  132  11:28  Zealot x4  
  132  11:29  Zealot x4  
  132  11:30  Zealot x2  
Tags
 
Add a new tag
Caveats
  • Supply blocks, unpowered buildings, or Contaminate may cause inaccurate times.
  • Supply counts are checked every 10 seconds.